Workbook

Sheet E01.001 VAR. QUEJAS Y RECL
B1: -ATENCIÓN AL CIUDADANO- | E1: GESTIONAR SOLICITUDES Y CORRESPONDENCIA HOJA DE VIDA DE INDICADORES POR PROCESO | I1: Código | J1: E01.001
I2: Página | J2: 1 de
I3: Versión | J3: 5.0
I4: Vigencia | J4: 42440
A5: DEFINICIÓN DEL INDICADOR
A6: Código del Indicador | B6: E01.001 | E6: Nombre del indicador | F6: VARIACIÓN DE QUEJAS DE LA SECRETARÍA DE EDUCACION | I6: Tipo de indicador | J6: Proceso
I7: Tablero Indicadores
A9: Objetivo del indicador | B9: Determinar la disminución o incremento en el volumen de las quejas y los reclamos que recibe la Secretaría en comparación con el período anterior por área y en general de la Secretaría, con el fin de generar acciones para el mejoramiento de este indicador | G9: Pertinencia del Indicador | H9: La medición del comportamiento de las quejas y reclamos que llegan a la Secretaría, permite evaluar la eficiencia de las áreas en la prestación del servicio, conocer el grado de satisfacción de los clientes y evaluar los mecanismos de mejora del servicio, si se requiere.
A10: Unidad de medida | B10: PORCENTAJE | G10: Definición de variables de la Fórmula | H10: 1) VTQ: Variación total de quejas de la Secretaria Qt: Quejas totales recibidas en la Secretaría en el periodo actual Qt-1: Quejas totales recibidas en la Secretaría en el periodo anterior 2) VQAi: Variación de quejas del área i de la Secretaría Qit: Quejas recibidas en el área i en el periodo actual Qit-1: Quejas recibidas en el área i en el periodo anterior 3) VTR: Variación total de reclamos de la Secretaria
A11: Fórmula para su Cálculo | B11: Quejas en contra de rectores y docentes, formuladas por padres de familia, alumnos y docentes, demora en trámite de prestaciones y queja contra proinsalud atendida por el comité de prestaciones sociales, de igual manera por solicitud de traslado e inconformidad por horas extras1) VTQ= (Qt -Qt-1)/Qt-1 2) VQAi= (Qit -Qit-1)/Qit-1 3) VTR= (Rt -Rt-1)/Rt-1 4) VRAi= (Rit -Rit-1)/Rit-1 | G11: Aspectos metodológicos | H11: En la medida en que un cliente presenta una queja o reclamo, verbal o escrita, se registra en el Sistema de Atención al Ciudadano - SAC o en la Planilla de Atención al Ciudadano cuando no se cuente con este sistema. Al final de cada mes se obtiene por separado, el número total de quejas y reclamos que recibió cada área. Al compararse los resultados obtenidos con los del mes anterior, se logra visualizar el comportamiento (creciente o decreciente) que vienen presentando las quejas y reclamos presentados por los clientes. Para el análisis de los resultados, y planteamiento de mejoras en caso de que se requiera, es necesario evaluar las causales y su frecuencia.
A12: Fuente de los datos | B12: Sistema de Atención al Ciudadano - SAC | G12: Periodicidad / Fechas de medición | H12: Mensual
A13: Responsable de generar el indicador | B13: Profesional Universitario Grado 04 de Servicio de Atención al Ciudadano | G13: Responsable del seguimiento del indicador | H13: Profesional Universitario Grado 04 de Servicio de Atención al Ciudadano
A14: Línea de base | B14: 10 | E14: Meta | F14: 6 | G14: Rangos de evaluación | H14: Bueno | I14: Regular | J14: Malo
H15: <10 quejas | I15: 10 Quejas≤X=15 quejas | J15: > 15 quejas
B17: -ATENCIÓN AL CIUDADANO- | E17: GESTIONAR SOLICITUDES Y CORRESPONDENCIA HOJA DE VIDA DE INDICADORES POR PROCESO | I17: Código | J17: E01.001
I18: Página | J18: 2 de
I19: Versión | J19: 5.0
I20: Vigencia | J20: 42440
A21: SEGUIMIENTO AL INDICADOR VARIACIÓN DE QUEJAS Y RECLAMOS DE LA SECRETARÍA
A22: Fecha | B22: Meta | C22: Logro | D22: % Logro | E22: Observaciones del Resultado | F22: Acciones de mejoramiento requeridas | H22: Responsable | I22: Fecha Limite | J22: Estado Acciones
A23: 41670 | B23: 10 | C23: 7 | D23: =+(7-7)/7 -> 0 | E23: Se observar que en este mes hubo diferencia con 3 quejas frente al mes anterior, donde se visualiza que las quejas corresponden a inconformismo frente a docentes o administrativos por mal comportamiento e incumplimiento de funciones, ausentismo laboral, inconsistencias de nómina acoso laboral y solicitud de cambio de docentes | F23: Remitir las quejas contra servidores públicos a la Oficina de Control Interno Disciplinario y hacer seguimiento a quejas y reclamos desde Atención al Ciudadano y en conjunto con las demás áreas | H23: Dependencias involucradas | I23: 42035 | J23: Cumplido
A24: 41698 | B24: 10 | C24: 18 | D24: =+(C24-C23)/C23 -> 1.5714286 | E24: Existe incremento con respecto al mes anterior y se debe en primer lugar a quejas presentadas por novedades y descuentos de nòmina, de igual manera quejas contra docentes y funcionarios de Recursos Humanos | F24: Se realiza el tramite pertinentes y se hace seguimiento a las quejas presentadas desde Atenciòn al Ciudadano | H24: Dependencias involucradas | I24: 42035 | J24: Cumplido
A25: 41728 | B25: 10 | C25: 14 | D25: =+(C25-C24)/C24 -> -0.22222222 | E25: Quejas contra docentes, directivos docentes, embargos, descuentos de nòmina. | F25: Remitir las quejas contra servidores públicos a la Oficina de Control Interno Disciplinario y hacer seguimiento a quejas y reclamos desde Atención al Ciudadano y en conjunto con las demás áreas | H25: Dependencias involucradas | I25: 42035 | J25: Cumplido
A26: 31/04/2014 | B26: 10 | C26: 8 | D26: =+(C26-C25)/C25 -> -0.42857143 | E26: Quejas contra docentes, directivos docentes, maltrato a alumnos, novedades de nòmina, pago de horas extras | F26: Remitir las quejas contra servidores públicos a la Oficina de Control Interno Disciplinario y hacer seguimiento a quejas y reclamos desde Atención al Ciudadano y en conjunto con las demás áreas | H26: Dependencias involucradas | I26: 42035 | J26: Cumplido
A27: 41790 | B27: 10 | C27: 23 | D27: =+(C27-C26)/C26 -> 1.875 | E27: Quejas contra rectores, docentes, por traslados, queja contra un funcionario de atencion al ciudadano, tutelas | F27: Remitir las quejas contra servidores públicos a la Oficina de Control Interno Disciplinario y hacer seguimiento a quejas y reclamos desde Atención al Ciudadano y en conjunto con las demás áreas | H27: Dependencias involucradas | I27: 42035 | J27: Cumplido
A28: 41820 | B28: 10 | C28: 13 | D28: =+(C28-C27)/C27 -> -0.43478261 | E28: Quejas contra rectores, docentes, maltrato contra docentes y alumnos, por traslados de docentes, por inasistencia de docentes, quejas contra contratistas | F28: Remitir las quejas contra servidores públicos a la Oficina de Control Interno Disciplinario y hacer seguimiento a quejas y reclamos desde Atención al Ciudadano y en conjunto con las demás áreas | H28: Dependencias involucradas | I28: 42035 | J28: Cumplido
A29: 41851 | B29: 10 | C29: 13 | D29: =+(C29-C28)/C28 -> 0 | E29: Quejas contra rectores, docentes, maltrato contra docentes y alumnos, por traslados de docentes, por inasistencia de docentes, quejas por maltrato infantil | F29: Remitir las quejas contra servidores públicos a la Oficina de Control Interno Disciplinario y hacer seguimiento a quejas y reclamos desde Atención al Ciudadano y en conjunto con las demás áreas | H29: Dependencias involucradas | I29: 42035
A30: 43131 | B30: 10 | C30: 13 | D30: =+(13-15)/15 -> -0.13333333 | E30: SOLICITA EL TRASLADO INMEDIATO COMO DOCENTE DE QUÍMICA DE LA INSTITUCIÓN EDUCATIVA JUAN XXIII DE PUERRES NARIÑO A LA INSTITUCIÓN EDUCATIVA TÉCNICA AGROECOLÓGICA DE MALES DEL RESGUARDO DE MALES COMO DOCENTE DE QUÍMICA EN REEMPLAZO DEL DOCENTE EN PROVISIONALIDAD, QUEJA DONDE INFORMA SOBRE LA INCONSISTENCIA PRESENTADA EN LA OFICINA DE CONTRATACIÓN, QUEJA EN CONTRA DE LA SEÑORA PAOLA NARVÁEZ POR EL NO PAGO DE HONORARIOS AL SEÑOR PEDRO FRANCISCO QUIÑONES. QUEJA CONTRA DOCENTE POR UTILIZAR EL RESTAURANTE ESCOLAR EN LA I. E. SAGRADO CORAZÓN DE JESÚS DE CUMBAL, ASÍ MISMO PRESENTAN QUEJAN EN CONTRA DEL RECTOR. INCONFORMIDAD PRESENTADA POR DOS DOCENTES FRENTE A LA SUPERVISIÓN REALIZADA POR EL FUNCIONARIO OSCAR OSSA, PRESENTA QUEJA POR INEFICIENCIA Y FALLAS EN EL TRÁMITE DE SU PENSIÓN JUBILACIÓN Y SOLICITUD DE CUBRIMIENTO DE LICENCIAS E INCONSISTENCIA DE NÓMINA | F30: Se realiza el tramite pertinentes y se hace seguimiento a las quejas presentadas desde Atenciòn al Ciudadano | H30: Dependencias involucradas | I30: 43131 | J30: Cumplido
A31: 43159 | B31: 10 | C31: 10 | D31: =+(C31-C30)/C30 -> -0.23076923 | E31: QUEJA POR MAL COMPORTAMIENTO E INCUMPLIMIENTO DE FUNCIONES DE DOCENTES, DEMORA EN EL TRÁMITE Y PAGO DE PRESTACIONES SOCIALES, FALTA DE DOCENTES E INCUMPLIMIENTO EN FUNCIONES DE LOS MISMOS, AUSENCIAS INJUSTIFICADAS DE DOCENTES, QUEJA CONTRA UN GOBERNADOR INDÍGENA POR NO DEJAR DESEMPEÑAR LAS FUNCIONES DE UN RECTOR, QUEJA CONTRA UN DOCENTE POR MALTRATO A ALUMNOS | F31: Se realiza el tramite pertinentes y se hace seguimiento a las quejas presentadas desde Atenciòn al Ciudadano | H31: Dependencias involucradas | I31: 43159 | J31: Cumplido
A32: 43190 | B32: 10 | C32: 15 | D32: =+(C32-C31)/C31 -> 0.5 | E32: QUEJA POR RESTAURANTE ESCOLAR, SOLICITAN QUE SE RESPETE EL MECANISMO DE ENTREGA DE ESTOS ALIMENTOS PORQUE NUESTROS ESTUDIANTES ASÍ LO REQUIEREN. FALTA DE TRÁMITE EN EL PAGO DE HONORARIOS A CONTRATISTAS. QUEJA EN CONTRA DOCENTES POR COMPORTAMIENTO Y LABOR, QUEJA POR FALTA DE CONTESTACIÓN DE FONDO A UNA PETICIÓN FORMULADA POR ENTE TERRITORIAL. QUEJA POR FALTA DE PAGO Y AGILIDAD EN TRÁMITE DE PRESTACIONES SOCIALES SOLICITADAS, SOLICITAN CAMBIO DE RECTOR, SOLICITUD DE TRASLADO, INCONSISTENCIAS DE NÓMINA | F32: Se realiza el tramite pertinentes y se hace seguimiento a las quejas presentadas desde Atenciòn al Ciudadano | H32: Dependencias involucradas | I32: 43190 | J32: Cumplido
A33: 43220 | B33: 10 | C33: 19 | D33: =+(C33-C32)/C32 -> 0.26666667 | E33: QUEJA POR LA ATENCIÓN DEL TÉCNICO OPERATIVO DE PLANTA, TRASLADO DE TUTOR PROGRAMA TODOS APRENDER Y SOLICITAN LA PRESENCIA DEL COORDINADOR EN EDUCACIÓN INCLUSIVA PARA TRATAR TEMAS SOBRE PROFESIONAL DE APOYO PARA ESTUDIANTES CON DISCAPACIDAD, QUEJAS POR PROBLEMAS EN ALIMENTACIÓN ESCOLAR, QUEJA EN CONTRA DE DOCENTES POR MALTRATO INFANTIL, AUSENCIAS DE DOCENTES EN SU SITIO DE LABOR, PERDIDA DE 78 ALUMNOS EN EL ÁREA DE QUÍMICA, ACCIDENTE DE UNA MENOR E INDICAN QUE NO HUBO PRESTACIÓN DE ATENCIÓN MÉDICA Y POR TANTO SOLICITAN SE INVESTIGUE, POR FALTA DE PAGO, INCONSISTENCIAS DE NÓMINA, SUSPENSIÓN DE DESCUENTO SIN QUE HASTA LA FECHA LO HAYAN REALIZADO, CAMBIO DE DOCENTE EN LA I.E. POLICARPA VEREDA EL PANECILLO, NOMBRAMIENTO DE DOCENTES, REVISIÓN DEL ACTO ADMINISTRATIVO DE NOMBRAMIENTO Y FALTA DE PAGO DE UN DOCENTE | F33: Se realiza el tramite pertinentes y se hace seguimiento a las quejas presentadas desde Atenciòn al Ciudadano | H33: Dependencias involucradas | I33: 43220 | J33: Cumplido
A34: 43251 | B34: 10 | C34: 30 | D34: =+(C34-C33)/C33 -> 0.57894737 | E34: DENUNCIA EN AVERIGUACIÓN, POR PRESUNTAS CONDUCTAS SEXUALES INAPROPIADAS CON ALUMNOS DE GRADO SEXTO A ONCE DE BACHILLERATO, QUEJA CONTRA DOCENTES POR VENDER ELEMENTOS EN LA I.E. SIN AUTORIZACIÓN, INVESTIGACIÓN DISCIPLINARIA EN CONTRA DE DOCENTES POR ASUNTOS DE ACOSO SEXUAL TEMA QUE FUE INFORMADO A FISCALÍA, QUEJA EN CONTRA DE DOCENTES POR AUSENTISMO, QUEJA POR MAL COMPORTAMIENTO DE DOCENTES, ABANDONO DE CARGO, AUSENCIAS Y MALA ENSEÑANZA EN EDUCACIÓN SEXUAL, QUEJA POR FALTA DE NOMBRAMIENTO DE DOCENTES, SOLICITA EL RECONOCIMIENTO DE SALARIO DE ACUERDO AL ESCALAFÓN, QUEJA POR AUSENCIA DE DOCENTES EN SU SITIO DE LABOR, QUEJA POR ENVIAR CONVENIO DE TRASLADO SIN FIRMAS, INCONFORMIDAD POR LA PRESTACIÓN DE SERVICIOS DE UNA DOCENTE, AUSENTISMO DE UN CELADOR, QUEJA EN CONTRA DE UN TERCERO POR LIBRANZA POR DESCUENTOS EN NÓMINA, QUE POR SENTIRSE AMENAZADA UNA DOCENTE POR SUS COMPAÑEROS DE TRABAJO, QUEJA POR EXTRALIMITACIÓN DE FUNCIONES, SOLICITA SE INVESTIGUE EL COBRO DE HORAS EXTRAS NO TRABAJADAS DE DOS DOCENTES, DESCUENTOS DE NÓMINA YA REALIZADOS. | F34: Se realiza el tramite pertinentes y se hace seguimiento a las quejas presentadas desde Atenciòn al Ciudadano | H34: Dependencias involucradas | I34: 43251 | J34: Cumplido
A35: 43281 | B35: 10 | C35: 13 | D35: =+(C35-C34)/C34 -> -0.56666667 | E35: QUEJA POR FALTA DE TRÁMITE EN PAGO DE HORAS EXTRAS DE PERSONAL ADMINISTRATIVO – CELADOR, PRESENTA INCONFORMIDAD POR LA NO ENTREGA OPORTUNA DE LOS ALIMENTOS, COMBUSTIBLE E INSUMOS DE LA SEDE LA I.E AGROPECUARIA INDÍGENA SEBASTIÁN GARCÍA CARLOSAMA. INFORMAN DE LA FALTA DE MANTENIMIENTO DE LA ESTUFA, LA SEMANA PASADA LAS MANIPULADORAS RENUNCIARON AL TRABAJO Y HASTA EL MOMENTO SE HA MANDADO A LOS ESTUDIANTES A DESAYUNAR A SUS CASAS. RECLAMO PARA CORREGIR EL NOMBRE DE LA INSTITUCIÓN EDUCATIVA. LOS RECTORES DE LA I.E. DEL MUNICIPIO DE EL TAMBO, MANIFIESTAN PREOCUPACIÓN EN EL INCUMPLIMIENTO DE LOS PAGOS RESPECTIVOS A CONSERJES QUE LABORAN EN LAS INSTITUCIONES DURANTE EL AÑO 2018. SOLICITA UN SUPERVISOR PARA INVESTIGAR LAS INCONFORMIDADES QUE SE PRESENTAN CON UN RECTOR, PADRES DE FAMILIA Y COMUNIDAD PRESENTAN QUEJA CONTRA DOCENTES Y CONSERJE, MADRE DE FAMILIA DEL MENOR, SE QUEJA POR PRESUNTA PERSECUCIÓN PSICOLÓGICA EN CONTRA DE LOS NIÑOS POR PARTE DE UNA DOCENTE. SOLICITAN LOS PADRES DE FAMILIA EL CAMBIO DE RECTOR, INCONSISTENCIAS DE NÓMINA POR REAJUSTE EN ESCALAFÓN Y AMENAZA A UN DOCENTE. | F35: Se realiza el tramite pertinentes y se hace seguimiento a las quejas presentadas desde Atenciòn al Ciudadano | H35: Dependencias involucradas | I35: 43281 | J35: Cumplido
A36: 43312 | B36: 10 | C36: 9 | D36: =+(C36-C35)/C35 -> -0.30769231 | E36: QUEJA DEL PAE NARIÑO, FECHADA EL 27 DE JUNIO DE 2018, IRREGULARIDADES AL PARECER QUE VIENE OCURRIENDO EN EL MUNICIPIO DE EL CHARCO (N). , REPORTE DE DOCENTES DE LA I.E. POLICARPA EN BOCA DE TELEMBI, MUNICIPIO DE ROBERTO PAYAN, LA COMUNIDAD SOLICITA SE INVESTIGUE A FONDO EL CASO Y SE SUSPENDA EL SUELDO; PRESUNTAS IRREGULARIDADES EN CONTRA DE VARIOS MIEMBROS DEL PERSONAL DOCENTE Y DIRECTIVO, DE LA INSTITUCIÓN EDUCATIVA SAGRADO CORAZÓN DE JESÚS , CORREGIMIENTO DE ESMERALDAS MUNICIPIO DEL ROSARIO NARIÑO, QUE EN DÍAS LABORABLES SE REÚNEN A INGERIR BEBIDAS ALCOHÓLICAS, DE LO QUE SE DERIVA CONSECUENTEMENTE QUE LLEGUEN A IMPARTIR SUS CLASES EN ESTADO DEPLORABLE; INFORME DE ACOSO SEXUAL Y CIBER ACOSO SEXUAL DEL DOCENTE JHON JAIRO MACHADO A DOS ESTUDIANTES DE LA I.E. LICEO DEL PACIFICO DEL MUNICIPIO DE MOSQUERA PERSONERO DEL MUNICIPIO DE CÓRDOBA, REMITE QUEJA PRESENTADA POR LA SEÑORA MARÍA NINFA MUESES, EN CONTRA DEL DOCENTE JAIME DÍAZ DEL C.E. MUESMUERAN ALTO DEL MISMO MUNICIPIO, POR AUSENCIAS EN SU LABOR. Y EL CONSEJO DE PADRES DE LA VEREDA SAN ISIDRO SOLICITAN SE LES INFORME PORQUE NO SE HA ENVIADO AL DOCENTE DEL ÁREA DE LENGUAJE, E INFORMA DE SU PREOCUPACIÓN, PRESENTA LIBERACIÓN DEL SEÑOR LUIS HERNANDO PANTOJA NARVÁEZ EN EL CARGO DE AUXILIAR DE SERVICIOS GENERALES POR RAZONES DE INCAPACIDAD MÉDICA.; LOS PADRES DE FAMILIA DE LA I.E NUESTRA SEÑORA DE LAS LAJAS DEL CORREGIMIENTO DEL CONVENTO, MUNICIPIO DE CHACHAGUI; EXPONEN EL MANEJO INCORRECTO QUE SE LE ESTÁ DANDO A LA INSTITUCIÓN, POR PARTE DE LA RECTORA JANETH ESPERANZA VELÁSQUEZ; DERECHO DE PETICIÓN PARA NOMBRAMIENTO DE DOCENTE EN REEMPLAZO DEL DOCENTE THOMAS ALIRIO BASTIDAS ,QUIEN RENUNCIO EN LA I.E FRANCISCO DE PAULA SANTANDER DE OSPINA. | F36: Se realiza el tramite pertinentes y se hace seguimiento a las quejas presentadas desde Atenciòn al Ciudadano | H36: Dependencias involucradas | I36: 43312 | J36: Cumplido
A37: 43343 | B37: 10 | C37: 23 | D37: =+(C37-C36)/C36 -> 1.5555556 | E37: DESMOTIVACIÓN DE DOCENTE Y DEFINICIÓN DE SITUACIÓN LABORAL, DIFICULTADES POR EL NO REGISTRO DE LOS ESTUDIANTES DE MATRÍCULA CONTRATADA EN EL SISTEMA INTEGRADO DE MATRÍCULA, SE SOLICITA GESTIÓN CON ENTIDAD DIÓCESIS DE TUMACO, QUEJA EN CONTRA DE DOCENTES POR MAL COMPORTAMIENTO Y TRATO IRRESPETUOSO A RECTOR Y ALUMNOS, SEGUIMIENTO A INSTITUCIONES EDUCATIVAS, QUEJA EN CONTRA DE UN DOCENTE CON PROCESO EN FISCALÍA, PAGO EN TRÁMITE DE PRESTACIONES , QUEJA POR DÍAS NO LABORADOS, POR TRASLADOS, INCONSISTENCIAS DE NÓMINA, POR FALTA DE PERSONAL ADMINISTRATIVO Y DOCENTE, QUEJAS POR AUSENCIAS DE PERSONAL ADMINISTRATIVO EN INSTITUCIONES EDUCATIVAS, SE ANALICE EL PAGO EN DESPRENDIBLES. | F37: Se realiza el tramite pertinentes y se hace seguimiento a las quejas presentadas desde Atenciòn al Ciudadano | H37: Dependencias involucradas | I37: 43343 | J37: Cumplido
A38: 43373 | B38: 10 | C38: 33 | D38: =+(C38-C37)/C37 -> 0.43478261 | E38: PRESENTA INFORME DE FALENCIA QUE PRESENTA POR PARTE DE PROVEEDOR DEL RESTAURANTE ESCOLAR DEL C.E PUENTE DE TIERRA DEL MUNICIPIO DE CUASPUD CARLOSAMA. DOCUMENTO CONTRALORIA EN DERECHO DE PETICIÓN INFORMACIÓN, ACLARACIÓN Y RECOMENDACIONES SOBRE PAGO 10% PENDIENTE CONTRATO DE PRESTACION DE SERVICIO EDUCATIVO SED No: 1097-2017 Y CONTRATOS No: 05-2017-16-2017, 17-2017, 18-2017, 19-2017 Y 24-207 ADELANTADOS SOLICITA SE LE INFORME CUAL FUE EL PROCEDIMIENTO QUE SE REALIZO AL INTERIOR DE LA INSTITUCIÓN PARA REALIZAR LA INVESTIGACIÓN DE LAS CONDUCTAS REPORTADAS EN CONTRA DE LOS DOCENTE NARCIZA ROSERO YEPEZ Y JESUS ANTONIO CANCHALA QUIROZ, ESTUDIANTE DEL GRADO 11 DE LA I.E. PABLO VI DE TAMINANGO, PRESENTA QUEJA EN CONTRA DEL SEÑOR ECTOR, Y L COORDINADOR , QUEJA EN CONTRA DE DOCENTES, QUEJAS EN CONTRA RECTORES, OCENTES Y ADMINISTRATIVOS, INFORMA QUE LOS DOCENTES OSCAR NELSON SALAZAR RIVERA Y CARLOS ELEAZAR PAREDES EN EL PRESENTE AÑO LECTIVO ESTÁN INCUMPLIENDO CON UNA DE LAS OBLIGACIONES COMO ES LA ENTREGA DE PLANEACIÒN ACADEMIA Y LA PREPARACIÓN DE CLASES, AUSENCIAS DE DOCENTES, LOS PADRE DE FAMILIA DE LA I.E SAN VICENTE MULAS DE LA MANERA MAS ATENTA DAN A CONOCER LO QUE ESTA SUCEDIENDO CON EL DOCENTE GILBERTO CHALPARIZAN QUIEN DICTA CLASE EN LA VIVIENDA DEL SECTOR SANTA ROSA DE CUMBAL, QUIEN NO HA VENIDO DICTANDO EN SUS HORARIOS CORRESPONDIENTES. QUEJA POR DEMORA EN TRAMITE DE PRESTACIONES SOCIALES. SOLICITA SE REALICE CAMBIO DEL PERSONAL ADMINISTRATIVO EN EL ÁREA DE CELADURIA DE LA I.E JUABANGUANA DEL CORREGIMIENTO DE SANTA FE DEL MUNICIPIO DE BUESACO, POR QUEJA PRESENTADA EN EL ESCRITO EN CONTRA DE LOS SEÑORES HUGO LASSO Y LUIS CARLOS ELENDEZ, INCONFORMISMO FRENTE A AL FALLO DEL ESTUDIO TÉCNICO DE HOJAS DE VIDA FRENTE A LA CONVOCATORIA 017 DEL 21 DE AGOSTO DE 2018, INCONSISTENCIAS DE NOMINA, SOLICITA SE ORDENE AL SEÑOR RECTOR JOSE ALVARO DELGADO LOPEZ, REALIZAR LOS TRAMITES PERTINENTES PAR OTORGAR PERMISO Y QUE LE PERMITA REALIZARA EL TRATAMIENTO TERPEUTICO, SE ABSTENGA DE DIRIGIR ORDENES DE LIMPIEZA A INSTALACIONES Y UNIDADES SANITARIAS SOLICITAN EL NOMBRAMIENTO DE ORIENTADOR ESCOLAR QUIEN RENUNCIÓ. ADJUNTO A LA PRESENTE LA QUEJA CONTRA EL SEÑOR VICTOR GUAITARILLA FUNCIONARIO DE NUESTRA INSTITUCION PARA SU CORRESPONDIENTE TRAMITE, SOLICITA EL PAGO POR LABORAR EN ZONAS DE DIFÍCIL ACCESO CORRESPONDIENTE AL MES S DE AGOSTO.... | F38: Se realiza el tramite pertinentes y se hace seguimiento a las quejas presentadas desde Atenciòn al Ciudadano | H38: Dependencias involucradas | I38: 43373 | J38: Cumplido | K38: Cumplido
A39: 43404 | B39: 10 | C39: 34 | D39: =+(C39-C38)/C38 -> 0.03030303 | E39: PARA PRESENTAR ANTE COMITÉ DE CONVIVENCIA , SE RECEPCIONAN EN ESTA OFICINA POR NO EXISTIR COMITÉ IRREGULARIDADES QUE SE VIENEN PRESENTADO EN LA I.E JORGE ELIECER GAITÁN CON EL PROCESO DE EVALUACIÓN Y PROMOCIÓN Y PRESENTA QUEJA EN CONTRA DEL DOCENTE QUEJA EN CONTRA DE UN RECTOR, CONTRA DOCENTE POR POSIBLE ROBO DE EQUIPOS, QUEJA EN CONTRA DEL PROGRAMA PAE, CON REFERENCIA A ENTREGA DE COMBUSTIBLE, QUEJA EN CONTRA DE UN RECTOR, CONTRA DOCENTE POR POSIBLE ROBO DE EQUIPOS, QUEJA EN CONTRA DEL PROGRAMA PAE, CON REFERENCIA A ENTREGA DE COMBUSTIBLE Y SOLICITAN LA TERMINACION DE CONTRATO DE CONDUCTOR POR MAL MANEJO E IRRESPONSABILIDAD, SOLICITA SE HAGA UN LLAMADO AL COORDINADOR DE LA IE SEBASTIAN BELALCAZAR POR MAL MANEJO DE SU CARGO, SOLICITA COLABORACION INMEDIATA SOBRE ANOMALIAS QUE SE ESTAN PRESENTANDO EN EL MUNICIPIO DE TUQUERRES, INFORMA QUE EXISTE UN INSTITUTO LLAMADO INCAP QUE PRESTA LOS SERVICIOS DE BACHILLERATO Y CARRERAS TÉCNICAS SIN FUNCIONAMIENTO, PRESENTA INFORME A SOBRE HECHOS INDEBIDOS DEL PROFESOR JOAQUIN ISAID RODRIGUEZ MENESES, SOLICITA COLABORACION INMEDIATA SOBRE ANOMALIAS QUE SE ESTAN PRESENTANDO EN EL MUNICIPIO DE TUQUERRES, INFORMA QUE EXISTE UN INSTITUTO LLAMADO INCAP QUE PRESTA LOS SERVICIOS DE BACHILLERATO Y CARRERAS TÉCNICAS SIN FUNCIONAMIENTO, LA JUNTA DE PADRES DE FAMILIA DE LA I.E JESUS DE PRAGA DEL MUNICIPIO DE SANDONA, SOLICITAN EL TRASLADO DEL SEÑOR LUIS HERNANDO NARVAEZ PANTOJA A.S.G. INFORME DE LA DOCENTE ROSA ELENA OLIVA RODRIGUEZ, SOLICITANDO SU TRASLADO, QUEJA EN CONTRA DE CELADOR DE I.,E. LOS PADRES DE FAMILIA DE LA VERDA MAGDALENA UBICADA EN EL CHARCO NARIÑO, PRESENTAN INCONFORMIDAD DE LOS PROFESORES ASIGNADOS AL PLANTE EDUCATIVO EN CUANTO AL INCUMPLIMIENTO EN HORARIOS, DEBERES Y MÉTODOS DE ENSEÑANZA; LA JUNTA DE ACCIÒN COMUNAL , JUNTA DE PADRES DE FAMILIA Y CONSEJO DIRECTIVO DE LA I.E. POLACHAYAN DE TÚQUERRES., INFORMAN DEL INCUMPLIMEINTO DEL SEÑOR CARLOS ARTURO HORMAZA - CELADOR. ... | F39: Se realiza el tramite pertinentes y se hace seguimiento a las quejas presentadas desde Atenciòn al Ciudadano | H39: Dependencias involucradas | I39: 43404 | J39: Cumplido | K39: Cumplido
A40: 43434 | B40: 10 | C40: 11 | D40: =+(C40-C39)/C39 -> -0.67647059 | E40: QUEJA POR FALTA DE TRAMITE Y PAGO DE PRESTACIONES SOCIALES, PRESENTA QUEJA CONTRA LA RECTORA LA I.E NUESTRA SEÑORA DE LAS LAJAS, SOLICITANDO CAMBIO, MADRE DE LA ESTUDIANTE NATALIA PABÓN YANDI DEL GRADO 11-3 DE LA I.E. JUANANMBU DE LA UNIÓN PRESNTA INCONFORMIDAD CON EL DOCENTE AURLIO CORAL, LOS PADRES DE FAMILIA PRESENTAN QUEJAS POR INCUMPLIMIENTO LABORAL DE DOCENTES. | F40: Se realiza el tramite pertinentes y se hace seguimiento a las quejas presentadas desde Atenciòn al Ciudadano | H40: Dependencias involucradas | I40: 43434 | J40: Cumplido | K40: Cumplido
A41: 43465 | B41: 10 | C41: 11 | D41: =+(C41-C40)/C40 -> 0 | E41: MANIFIESTA LA INCONFORMIDAD POR LA LENTITUD PARA RESOLVER LOS PROBLEMAS QUE SE PRESENTAN EN LA FIDUPREVISORA CON RESPECTO AL PAGO DE CESANTIAS, SE QUEJA PORQUE DESDE EL MES DE JULIO INICIO TRÁMITES Y HASTA LA FECHA NO SE LE HA CANCELADO, EXPONE LA SITUACIÓN FRENTE AL COMPORTAMIENTO DEL DOCENTE JOSE ARTEMIO YELA, SOLICITANDO CAMBIO, INFORMA COMO MADRE DEL MENOR JAVIER SEBASTIAN ARCOS URBANO, EN EL MES DE JUNIO LE FUE DECOMISADO SU CELULAR, PERO HASTA LA FECHA NO SE HA REALIZADO SU DEVOLUCIÓN, POR LO CUAL SOLICITA COMEDIDAMENTE SE REQUIERA AL RECTOR DE LA I.E ECOLÓGICO LA COCHA, LOS PADRES DE FAMILIA DE LA I.E NUESTRA SEÑORA DE LAS LAJAS, DEL CORREGIMIENTO EL CONVENTO, MUNICIPIO DE CHACHAGUI INFORMA DE LA SITUACIÓN QUE VINE PRESENTADA DEBIDO A QUE LA SEÑORA RECTORA JANETH VELASQUEZ NO SE HA PRESENTADA A LA INSTITUCIÓN, EXPLICACIONES SOBRE EL NOMBRAMIENTO DE UNA ORIENTADORA ESCOLAR EN LA I.E. NUESTRA SEÑORA DEL CARMEN MUNICIPIO DE TANGUA,. PRESENTA RECLAMACIONES AL ACTA 001 DEL 17 DE DICIEMBRE DE 2018 SOBRE EL PROCESO DE TRASLADOS DE DOCENTES, PRESENTAN QUEJA POR PUNTUACION EN LOS RESULTADOS DEL PROCESO DE TRASLADO... | F41: Se realiza el tramite pertinentes y se hace seguimiento a las quejas presentadas desde Atenciòn al Ciudadano | H41: Dependencias involucradas | I41: 43465 | J41: Cumplido | K41: Cumplido

Sheet GRAFICO I QUEJAS
B2: Bueno | D2: Regular | E2: Malo
B3: <10 quejas | D3: 10 Quejas≤X=15 quejas | E3: > 15 quejas
B4: Fecha | C4: Meta | D4: Logro | E4: % Logro
B5: Enero | C5: 10 | D5: =+'E01.001 VAR. QUEJAS Y RECL'!C30 -> 13 | E5: =+'E01.001 VAR. QUEJAS Y RECL'!D30 -> -0.13333333
B6: Febrero | C6: 10 | D6: =+'E01.001 VAR. QUEJAS Y RECL'!C31 -> 10 | E6: =+(D6-D5)/D5 -> -0.23076923
B7: Marzo | C7: 10 | D7: =+'E01.001 VAR. QUEJAS Y RECL'!C32 -> 15 | E7: =+(D7-D6)/D6 -> 0.5
B8: Abril | C8: 10 | D8: =+'E01.001 VAR. QUEJAS Y RECL'!C33 -> 19 | E8: =+(D8-D7)/D7 -> 0.26666667
B9: Mayo | C9: 10 | D9: =+'E01.001 VAR. QUEJAS Y RECL'!C34 -> 30 | E9: =+(D9-D8)/D8 -> 0.57894737
B10: Junio | C10: 10 | D10: =+'E01.001 VAR. QUEJAS Y RECL'!C35 -> 13 | E10: =+(D10-D9)/D9 -> -0.56666667
B11: Julio | C11: 10 | D11: =+'E01.001 VAR. QUEJAS Y RECL'!C36 -> 9 | E11: =+(D11-D10)/D10 -> -0.30769231
B12: Agosto | C12: 10 | D12: =+'E01.001 VAR. QUEJAS Y RECL'!C37 -> 23 | E12: =+(D12-D11)/D11 -> 1.5555556
B13: Septiembre | C13: 10 | D13: =+'E01.001 VAR. QUEJAS Y RECL'!C38 -> 33 | E13: =+(D13-D12)/D12 -> 0.43478261
B14: Octubre | C14: 10 | D14: =+'E01.001 VAR. QUEJAS Y RECL'!C39 -> 34 | E14: =+(D14-D13)/D13 -> 0.03030303
B15: Noviembre | C15: 10 | D15: =+'E01.001 VAR. QUEJAS Y RECL'!C40 -> 11 | E15: =+(D15-D14)/D14 -> -0.67647059
B16: Diciembre | C16: 10 | D16: =+'E01.001 VAR. QUEJAS Y RECL'!C41 -> 11 | E16: =+(D16-D15)/D15 -> 0

Sheet E01.002 EFECT RTA
B3: -ATENCIÓN AL CIUDADANO- | E3: GESTIONAR SOLICITUDES Y CORRESPONDENCIA HOJA DE VIDA DE INDICADORES POR PROCESO | I3: Código | J3: E01.002
I4: Página | J4: 1 de
I5: Versión | J5: 4.0
I6: Vigencia | J6: 42440
A7: DEFINICIÓN DEL INDICADOR
A8: Código del Indicador | B8: E01.002 | E8: Nombre del indicador | F8: EFECTIVIDAD EN LA RESPUESTA | I8: Tipo de indicador | J8: Proceso
I9: Tablero Indicadores | J9: NO
A11: Objetivo del indicador | B11: Determinar la capacidad de respuesta a la correspondencia que es enviada por la Secretaría en los tiempos estipulados | G11: Pertinencia del Indicador | H11: Teniendo en cuenta que parte importante de la satisfacción al cliente es obtener respuesta a sus inquietudes, y más, si es en un corto tiempo, la Secretaría fija unos acuerdos niveles de servicio-ANS (con base en la ley y acuerdos internos) para dar respuesta a la correspondencia . Por lo tanto, es importante medir el cumplimiento de estos acuerdos que se ven reflejados en la oportunidad en la entrega de la respuesta a los clientes.
A12: Unidad de medida | B12: Porcentaje | G12: Definición de variables de la Fórmula | H12: ER: Efectividad de las respuestas de las comunicaciones de la Secretaría RET: Respuestas emitidas en el tiempo establecido de las comunicaciones del mes TS: Total de solicitudes recibidas por la Secretaría que requieren respuesta PRSV: Correspondencia pendiente de respuesta sin vencer en el tiempo establecido
A13: Fórmula para su Cálculo | B13: ER = (RET/ (TS - PRSV))*100 | G13: Aspectos metodológicos | H13: En el Sistema de Atención al Ciudadano - SAC, se registra la correspondencia recibida por la Secretaría de sus clientes y las fechas en que las áreas de gestión dan respuesta a los requerimientos por medio de "respuesta enviada"; además se cuenta con el reporte Dependencias por estado de finalización, donde se genera los datos necesarios para determinar si la respuesta fue entregada en los tiempos estipulados por la Secretaría. Y en el caso de que no haya sistema se utiliza la Planilla Atención al Ciudadano. Es de anotar, que en el numerador no se tienen en cuenta la correspondencia respondida por fuera del tiempo estipulado y las vencidas que aún no se han respondido.
A14: Fuente de los datos | B14: Sistema de Atención al Ciudadano - SAC y/o Planilla Atención al Ciudadano | G14: Periodicidad / Fechas de medición | H14: Mensual
A15: Responsable de generar el indicador | B15: Profesional Universitario Grado 04 de Servicio de Atención al Ciudadano | G15: Responsable del seguimiento del indicador | H15: Profesional Universitario Grado 04 de Servicio de Atención al Ciudadano
A16: Línea de base | B16: 0.8 | E16: Meta | F16: 100 | G16: Rangos de evaluación | H16: Bueno: 80% a 100 % | I16: Regular: 79% a 60 % | J16: Malo: Inferior al 59%
B19: -ATENCIÓN AL CIUDADANO- | E19: GESTIONAR SOLICITUDES Y CORRESPONDENCIA HOJA DE VIDA DE INDICADORES POR PROCESO | I19: Código | J19: E01.002
I20: Página | J20: de
I21: Versión | J21: 4.0
I22: Vigencia | J22: 41229
A23: SEGUIMIENTO AL INDICADOR EFECTIVIDAD EN LA RESPUESTA
A24: Fecha | B24: Meta | C24: Logro | D24: % Logro | E24: Observaciones del Resultado | F24: Acciones de mejoramiento requeridas | H24: Responsable | I24: Fecha Limite | J24: Estado Acciones
A25: 41670 | B25: =+F16 -> 100 | C25: =95.17/100 -> 0.9517 | D25: =+(C25/B25)*100 -> 0.9517 | E25: Se observa un buen resultado en este indicador, evidenciando una vez más el compromiso de los funcionarios en responder a tiempo los requerimientos. | F25: Seguimiento y acompañamiento a las dependencias involucradas en el SAC, realizar reuniones periodicas con los coordinadores para determinar los puntos débiles. Esto se analiza en comitès directivos donde se observa el apoyo de los lideres de cada proceso con el personal a cargo | H25: Atención al Ciudadano. - Coordinadores dependencias | I25: 41670 | J25: Cumplido
A26: 41698 | B26: =+F16 -> 100 | C26: =97.43/100 -> 0.9743 | D26: =+(C26/B26)*100 -> 0.9743 | E26: Se mantiene en un buen nivel de respuesta, en este mes se incrementaron los requerimientos que ingresaron a la SED | F26: Seguimiento y acompañamiento a las dependencias involucradas en el SAC, realizar reuniones periodicas con los coordinadores para determinar los puntos débiles. Esto se analiza en comitès directivos donde se observa el apoyo de los lideres de cada proceso con el personal a cargo | H26: Atención al Ciudadano. - Coordinadores dependencias | I26: 41698 | J26: Cumplido
A27: 41728 | B27: =+F16 -> 100 | C27: =93.28/100 -> 0.9328 | D27: =+(C27/B27)*100 -> 0.9328 | E27: Se presenta un leve disminucion con relación al mes anterior, sin embargo se busca sobrepasar el 80% proyectado como linea de base | F27: Seguimiento y acompañamiento a las dependencias involucradas en el SAC, realizar reuniones periodicas con los coordinadores para determinar los puntos débiles. Esto se analiza en comitès directivos donde se observa el apoyo de los lideres de cada proceso con el personal a cargo | H27: Atención al Ciudadano. - Coordinadores dependencias | I27: 41728 | J27: Cumplido
A28: 31/04/2014 | B28: =+F16 -> 100 | C28: =97.29/100 -> 0.9729 | D28: =+(C28/B28)*100 -> 0.9729 | E28: A pesar de todos los inconvenientes presentados, se observa cumplimiento general en todos los requerimientos y en la efectiva respuesta dada a cada uno de sus peticiones asignadas. | F28: Seguimiento y acompañamiento a las dependencias involucradas en el SAC, realizar reuniones periodicas con los coordinadores para determinar los puntos débiles. Esto se analiza en comitès directivos donde se observa el apoyo de los lideres de cada proceso con el personal a cargo | H28: Atención al Ciudadano. - Coordinadores dependencias | I28: 31/04/2014 | J28: Cumplido
A29: 41790 | B29: =+B28 -> 100 | C29: =93.27/100 -> 0.9327 | D29: =+(C29/B30)*100 -> 0.9327 | E29: Una vez mas la efectividad de respuesta se ve disminuida pero se mantiene en buen nivel de satisfacciòn de acuerdo a la meta propuesta, pese a que en este mes se incrementaron los requerimientos | F29: Seguimiento y acompañamiento a las dependencias involucradas en el SAC, realizar reuniones periodicas con los coordinadores para determinar los puntos débiles. Esto se analiza en comitès directivos donde se observa el apoyo de los lideres de cada proceso con el personal a cargo | H29: Atención al Ciudadano. - Coordinadores dependencias | I29: 41790 | J29: Cumplido
A30: 41820 | B30: =+B25 -> 100 | C30: =95.91/100 -> 0.9591 | D30: =+(C30/B30)*100 -> 0.9591 | E30: Se observa un buen resultado en este indicador, evidenciando una vez más el compromiso de los funcionarios en responder a tiempo los requerimientos. | F30: Seguimiento y acompañamiento a las dependencias involucradas en el SAC, realizar reuniones periodicas con los coordinadores para determinar los puntos débiles. Esto se analiza en comitès directivos donde se observa el apoyo de los lideres de cada proceso con el personal a cargo | H30: Atención al Ciudadano. - Coordinadores dependencias | I30: 41820 | J30: Cumplido
A31: 41851 | B31: =+B30 -> 100 | C31: =88.85/100 -> 0.8885 | D31: =+(C31/B31)*100 -> 0.8885 | E31: Una vez mas la efectividad de respuesta se ve disminuida pero se mantiene en buen nivel de satisfacciòn de acuerdo a la meta propuesta, pese a que en este mes se incrementaron los requerimientos | F31: Seguimiento y acompañamiento a las dependencias involucradas en el SAC, realizar reuniones periodicas con los coordinadores para determinar los puntos débiles. Esto se analiza en comitès directivos donde se observa el apoyo de los lideres de cada proceso con el personal a cargo | H31: Atención al Ciudadano. - Coordinadores dependencias | I31: 41851 | J31: Cumplido
A32: 43131 | B32: 100 | C32: 0.997 | D32: =+C32*100% -> 0.997 | E32: Se observa un buen resultado en este indicador, evidenciando una vez más el compromiso de los funcionarios en responder a tiempo los requerimientos, lastimosamente por 1 pqr vencido la Secretaría de Educación de Nariño no ocupó el primer puest a nivel nacional en el Ranking del Men para este mes ocupò el 3 puesto . | F32: Seguimiento y acompañamiento a las dependencias involucradas en el SAC, realizar reuniones periodicas con los coordinadores para determinar los puntos débiles cuando hubiere lugar. | H32: Atención al Ciudadano. - Coordinadores dependencias | I32: 43131 | J32: Cumplido
A33: 43159 | B33: 100 | C33: 0.997 | D33: =+C33*100% -> 0.997 | E33: Se observa un excelente resultado en este indicador, evidenciando una vez más el compromiso de los funcionarios en responder a tiempo los requerimientos,y con calidad, por lo que se ha hecho merecedora de ocupar el 2 puesto a nivel nacional en el Ranking del Men | F33: Seguimiento y acompañamiento a las dependencias involucradas en el SAC, realizar reuniones periodicas con los coordinadores para determinar los puntos débiles cuando hubiere lugar. | H33: Atención al Ciudadano. - Coordinadores dependencias | I33: 43159 | J33: Cumplido
A34: 43190 | B34: 100 | C34: 0.997 | D34: =+C34*100% -> 0.997 | E34: Se observa un excelente resultado en este indicador, evidenciando una vez más el compromiso de los funcionarios en responder a tiempo los requerimientos,y con calidad, por lo que se ha hecho merecedora de ocupar el 2 puesto a nivel nacional en el Ranking del Men | F34: Seguimiento y acompañamiento a las dependencias involucradas en el SAC, realizar reuniones periodicas con los coordinadores para determinar los puntos débiles cuando hubiere lugar. | H34: Atención al Ciudadano. - Coordinadores dependencias | I34: 43190 | J34: Cumplido
A35: 43220 | B35: 100 | C35: 0.9947 | D35: =+C35*100% -> 0.9947 | E35: Se observa un excelente resultado en este indicador, evidenciando una vez más el compromiso de los funcionarios en responder a tiempo los requerimientos,y con calidad, por lo que se ha hecho merecedora de ocupar el 2 puesto a nivel nacional en el Ranking del Men | F35: Seguimiento y acompañamiento a las dependencias involucradas en el SAC, realizar reuniones periodicas con los coordinadores para determinar los puntos débiles cuando hubiere lugar. | H35: Atención al Ciudadano. - Coordinadores dependencias | I35: 43220 | J35: Cumplido
A36: 43251 | B36: 100 | C36: 0.993 | D36: =+C36*100% -> 0.993 | E36: Se observa un excelente resultado en este indicador, evidenciando una vez más el compromiso de los funcionarios en responder a tiempo los requerimientos,y con calidad, por lo que se ha hecho merecedora de ocupar el 3 puesto a nivel nacional en el Ranking del Men | F36: Seguimiento y acompañamiento a las dependencias involucradas en el SAC, realizar reuniones periodicas con los coordinadores para determinar los puntos débiles cuando hubiere lugar. | H36: Atención al Ciudadano. - Coordinadores dependencias | I36: 43251 | J36: Cumplido
A37: 43281 | B37: 100
A38: 31/06/2018 | B38: 100 | C38: 1 | D38: =+C38*100% -> 1 | E38: Se observa un excelente resultado en este indicador, evidenciando una vez más el compromiso de los funcionarios en responder a tiempo los requerimientos,y con calidad, por lo que se ha hecho merecedora de ocupar el 1 puesto a nivel nacional en el Ranking del Men | F38: Seguimiento y acompañamiento a las dependencias involucradas en el SAC, realizar reuniones periodicas con los coordinadores para determinar los puntos débiles cuando hubiere lugar. | H38: Atención al Ciudadano. - Coordinadores dependencias | I38: 43281 | J38: Cumplido
A39: 43312 | B39: 100 | C39: 0.9997 | D39: =+C39*100% -> 0.9997 | E39: Se observa un excelente resultado en este indicador, evidenciando una vez más el compromiso de los funcionarios en responder a tiempo los requerimientos,y con calidad, por lo que se ha hecho merecedora de ocupar el 2 puesto a nivel nacional en el Ranking del Men | F39: Seguimiento y acompañamiento a las dependencias involucradas en el SAC, realizar reuniones periodicas con los coordinadores para determinar los puntos débiles cuando hubiere lugar. | H39: Atención al Ciudadano. - Coordinadores dependencias | I39: 43312 | J39: Cumplido
A40: 43343 | B40: 100 | C40: 0.9997 | D40: =+C40*100% -> 0.9997 | E40: Se observa un excelente resultado en este indicador, evidenciando una vez más el compromiso de los funcionarios en responder a tiempo los requerimientos,y con calidad, por lo que se ha hecho merecedora de ocupar el 2 puesto a nivel nacional en el Ranking del Men | F40: Seguimiento y acompañamiento a las dependencias involucradas en el SAC, realizar reuniones periodicas con los coordinadores para determinar los puntos débiles cuando hubiere lugar. | H40: Atención al Ciudadano. - Coordinadores dependencias | I40: 43343 | J40: Cumplido
A41: 43373 | B41: 100 | C41: 0.9997 | D41: =+C41*100% -> 0.9997 | E41: Se observa un excelente resultado en este indicador, evidenciando una vez más el compromiso de los funcionarios en responder a tiempo los requerimientos,y con calidad, por lo que se ha hecho merecedora de ocupar el 2 puesto a nivel nacional en el Ranking del Men | F41: Seguimiento y acompañamiento a las dependencias involucradas en el SAC, realizar reuniones periodicas con los coordinadores para determinar los puntos débiles cuando hubiere lugar. | H41: Atención al Ciudadano. - Coordinadores dependencias | I41: 43373 | J41: Cumplido
A42: 43404 | B42: 100 | C42: 0.9993 | D42: =+C42*100% -> 0.9993 | E42: Se observa un excelente resultado en este indicador, evidenciando una vez más el compromiso de los funcionarios en responder a tiempo los requerimientos,y con calidad, por lo que se ha hecho merecedora de ocupar el 2 puesto a nivel nacional en el Ranking del Men | F42: Seguimiento y acompañamiento a las dependencias involucradas en el SAC, realizar reuniones periodicas con los coordinadores para determinar los puntos débiles cuando hubiere lugar. | H42: Atención al Ciudadano. - Coordinadores dependencias | I42: 43404 | J42: Cumplido
A43: 43434 | B43: 100 | C43: 0.9997 | D43: =+C43*100% -> 0.9997 | E43: Se observa un excelente resultado en este indicador, evidenciando una vez más el compromiso de los funcionarios en responder a tiempo los requerimientos,y con calidad, por lo que se ha hecho merecedora de ocupar el 2 puesto a nivel nacional en el Ranking del Men | F43: Seguimiento y acompañamiento a las dependencias involucradas en el SAC, realizar reuniones periodicas con los coordinadores para determinar los puntos débiles cuando hubiere lugar. | H43: Atención al Ciudadano. - Coordinadores dependencias | I43: 43434 | J43: Cumplido
A44: 43465 | B44: 100 | C44: 1 | D44: =+C44*100% -> 1 | E44: Se observa un excelente resultado en este indicador, evidenciando una vez más el compromiso de los funcionarios en responder a tiempo los requerimientos,y con calidad, por lo que se ha hecho merecedora de ocupar el 2 puesto a nivel nacional en el Ranking del Men | F44: Seguimiento y acompañamiento a las dependencias involucradas en el SAC, realizar reuniones periodicas con los coordinadores para determinar los puntos débiles cuando hubiere lugar. | H44: Atención al Ciudadano. - Coordinadores dependencias | I44: 43465 | J44: Cumplido

Sheet GRAFICO EFEC
B4: Rangos de evaluación | C4: Bueno: 80% a 100 % | D4: Regular: 79% a 60 % | E4: Malo: Inferior al 59%
B5: Fecha | C5: Meta | D5: Logro | E5: % Logro
B6: 43131 | C6: 100 | D6: =+'E01.002 EFECT RTA'!D32 -> 0.997 | E6: =+'E01.002 EFECT RTA'!D32 -> 0.997
B7: 43159 | C7: 100 | D7: =+'E01.002 EFECT RTA'!D33 -> 0.997 | E7: =+'E01.002 EFECT RTA'!D33 -> 0.997
B8: 43190 | C8: 100 | D8: =+'E01.002 EFECT RTA'!D34 -> 0.997 | E8: =+'E01.002 EFECT RTA'!D34 -> 0.997
B9: 43220 | C9: 100 | D9: =+'E01.002 EFECT RTA'!D35 -> 0.9947 | E9: =+'E01.002 EFECT RTA'!D35 -> 0.9947
B10: 43251 | C10: 100 | D10: =+'E01.002 EFECT RTA'!D36 -> 0.993 | E10: =+'E01.002 EFECT RTA'!D36 -> 0.993
B11: 43281 | C11: 100 | D11: =+'E01.002 EFECT RTA'!D37 -> 0 | E11: =+'E01.002 EFECT RTA'!D37 -> 0
B12: 43312 | C12: 100 | D12: =+'E01.002 EFECT RTA'!D38 -> 1 | E12: =+'E01.002 EFECT RTA'!D38 -> 1
B13: 43343 | C13: 100 | D13: =+'E01.002 EFECT RTA'!D39 -> 0.9997 | E13: =+'E01.002 EFECT RTA'!D39 -> 0.9997
B14: 43373 | C14: 100 | D14: =+'E01.002 EFECT RTA'!D40 -> 0.9997 | E14: =+'E01.002 EFECT RTA'!D40 -> 0.9997
B15: 43404 | C15: 100 | D15: =+'E01.002 EFECT RTA'!D41 -> 0.9997 | E15: =+'E01.002 EFECT RTA'!D41 -> 0.9997
B16: 43403 | C16: 100 | D16: =+'E01.002 EFECT RTA'!D42 -> 0.9993 | E16: =+'E01.002 EFECT RTA'!D42 -> 0.9993
B17: 43464 | C17: 100 | D17: =+'E01.002 EFECT RTA'!D43 -> 0.9997 | E17: =+'E01.002 EFECT RTA'!D43 -> 0.9997

Sheet E02.001 SATISFACCION CLIENTE
B2: -ATENCIÓN AL CIUDADANO- | E2: DESARROLLAR Y MANTENER RELACIONES CON EL CIUDADANO HOJA DE VIDA DE INDICADORES POR PROCESO | I2: Código | J2: E02.001
I3: Página | J3: 1 de 2
I4: Versión | J4: 5.0
I5: Vigencia | J5: 42440
A6: DEFINICIÓN DEL INDICADOR
A7: Código del Indicador | B7: E02.001 | E7: Nombre del indicador | F7: CUMPLIMIENTO DE LAS MEDICIONES DE SATISFACCIÓN DEL CLIENTE | I7: Tipo de indicador | J7: Proceso
I8: Tablero Indicadores | J8: NO
A10: Objetivo del indicador | B10: Determinar el cumplimiento en la gestión de las mediciones de satisfacción del cliente programadas | G10: Pertinencia del Indicador | H10: Con el fin de conocer la satisfacción de los clientes con respecto a los servicios que presta la Secretaría, se programa, en el plan de acción, el número de encuestas a realizar a los clientes. Por lo tanto, se requiere medir el cumplimiento de la meta fijada.
A11: Unidad de medida | B11: Porcentaje | G11: Definición de variables de la Fórmula | H11: CMSC: Cumplimiento en la medición de la satisfacción del cliente NME: Número de mediciones de satisfacción del cliente efectuadas en el año NMP: Número de mediciones de satisfacción del cliente programadas en el año
A12: Fórmula para su Cálculo | B12: CMSC = (NME / NMP) * 100 | G12: Aspectos metodológicos | H12: En el periodo estimado por la Secretaría en el Plan de Acción, se aplican las encuestas de Satisfacción del Servicio a los clientes seleccionados a través de un método estadístico. Las encuestas diligenciadas se compara con la meta programada obteniéndose de esta manera el porcentaje de cumplimiento de las mediciones de la satisfacción del cliente.
A13: Fuente de los datos | B13: Seguimiento a la ejecución del plan de acción del área encargada de las comunicaciones de la Secretaría | G13: Periodicidad / Fechas de medición | H13: Anual
A14: Responsable de generar el indicador | B14: Profesional Universitario de Archivo y Correspondencia | G14: Responsable del seguimiento del indicador | H14: Profesional Universitario de Servicio de Atención al Ciudadano
A15: Línea de base | B15: 1 | E15: Meta | F15: 1 | G15: Rangos de evaluación
B18: -ATENCIÓN AL CIUDADANO- | E18: DESARROLLAR Y MANTENER RELACIONES CON EL CIUDADANO HOJA DE VIDA DE INDICADORES POR PROCESO | I18: Código | J18: E02.001
I19: Página | J19: 2 de 2
I20: Versión | J20: 4.0
I21: Vigencia | J21: 41229
A22: SEGUIMIENTO AL INDICADOR
A23: Fecha | B23: Meta | C23: Logro | D23: % Logro | E23: Observaciones del Resultado | F23: Acciones de mejoramiento requeridas | H23: Responsable | I23: Fecha Limite | J23: Estado Acciones
A24: 43266 | B24: =+F15 -> 1 | E24: La encuesta de Satisfacción será aplicada a partir del 1 de junio con corte a 30 de Diciembre de 2018 | H24: Dependencias SED/ Atención al Ciudadano | I24: 43464

Sheet Ranking
B3: PUESTO RANKING | P3: PUESTO RANKING
B4: MES | D4: LUGAR | P4: MES | R4: LUGAR | S4: % DE RESPUESTA | T4: FUNCIONARIOS RESPONSABLES DE LA BAJA DE RANKING
B5: ENERO | D5: 3 | P5: ENERO | R5: 3 | S5: 0.9997 | T5: Se ocupo el 3 puesto debido a que el funcionario Camilo Obando no contestó a tiempo la acción de tutela o no se evidencio en la plataforma SAC el cumplimiento y por ende fue contestada fuera del tiempo estipulado Y la Funcionaria Carmen Milena Bastidas contestó fuera de tiempo un cumplimiento de tutela.
B6: FEBRERO | D6: 2 | P6: FEBRERO | R6: 2 | S6: 0.9993 | T6: Falta de contestación a pqrs realizadas por Isabel Santacruz y Omar Arteaga
B7: MARZO | D7: 2 | P7: MARZO | R7: 2 | S7: 0.9997 | T7: Falta de contestacion a requerimientos por parte de Isabel Santacruz y Adriana Cabrera
B8: ABRIL | D8: 6 | P8: ABRIL | R8: 6 | S8: 0.9994 | T8: La baja en Ranking se debe a la falta de oportunidad de contestación a pqrs, a cargo de Isabel Santacruz, Daniel Ortiz y 3 requerimientos a cargo de Omar Arteaga
B9: MAYO | D9: 3 | P9: MAYO | R9: 3 | S9: 0.9993 | T9: requerimientos vencidos a cargo de Omar Arteaga, Paula Narvaez y Carmen Milena Bastidas
B10: JUNIO | D10: 1 | P10: JUNIO | R10: 1 | S10: 1 | T10: No hubo vencimiento de peticiones
B11: JULIO | D11: 2 | P11: JULIO | R11: 2 | S11: 0.9997 | T11: Omar Arteaga y Edith Santacruz presentaron dos requerimientos vencidos
B12: AGOSTO | D12: 2 | P12: AGOSTO | R12: 2 | S12: 0.9997 | T12: Omar Arteaga y Edith Santacruz presentaron dos requerimientos vencidos
B13: SEPTIEMBRE | D13: 2 | P13: SEPTIEMBRE | R13: 2 | S13: 0.9997 | T13: Omar Arteaga con dos requerimientos vencidos
B14: OCTUBRE | D14: 2 | P14: OCTUBRE | R14: 1 | S14: 0.9993 | T14: Omar Arteaga con un requerimiento vencido
B15: NOVIEMBRE | D15: 2 | P15: NOVIEMBRE | R15: 2 | S15: 0.9997 | T15: Omar Arteaga, Carmen Milena Bastidas Edith Santacruz
B16: DICIEMBRE | D16: 1 | P16: DICIEMBRE | R16: 1 | S16: 1
